Anemone, neutral female sylph Wizard ##############[#################### #--- ---------- # ------- #|. ........ # |.....-#######|.------------.....------------ # |.....| #|.|!/!|...|..|.....-%.|(((|...| ### |...... #|.|%?.|...|..|.....| .|(].|...| # ------------ #....>.| #|.|=(.|...|..|.....| |((.| .. | ##...........| #------- |.|...|...-|--.....-----|---.--.| |..........| #### ##|.--|--.---..............%......|####..<........| # ##..............{......{%.[.......|# ------------ # #|.--|---+--....-|--.-...........|# # #|.|...|...|---.|....|.------|--.|# ------# #|.|(((|...|..|.|....|.| .|(...| |# |....|# #|.|((.|...|.[-.|.._.|....|....| # |.....############|.|(.(|...|..|.|....|.|..|....| # |....| %|.------------.------.--------- |# ------ #|...............f*@.............|# #---------------------------------# Anemone the Thaumaturge Experience level: 6 Strength: 14 Dexterity: 7 Constitution: 13 Intelligence: 19 Wisdom: 16 Charisma: 8 Health: 43(43) Energy: 89(89) Def: 1 Gold: 74 Moves: 2819 Dungeon seed: qyyewSOsV9huD2hQ Game ID: Anemone_1487262867 Your Inventory: Coins $ - 74 gold pieces Weapons a - a blessed +1 quarterstaff (alternate weapon; not wielded) J - 7 +0 daggers (in quiver) X - a blessed +2 spear named Spear of Integrity (weapon in hand) Armor e - an uncursed +0 cloak of magic resistance (being worn) y - an uncursed +0 pair of kicking boots Comestibles h - an uncursed cram ration w - an uncursed tripe ration E - an uncursed food ration Scrolls D - 2 uncursed scrolls of scare monster G - a blessed scroll of light V - a blessed scroll of remove curse Spellbooks W - an uncursed spellbook of magic missile Rings Y - a cursed -2 ring of protection Wands d - a wand of nothing (0:7) A - a wand of teleportation (0:6) Gems n - an uncursed topaz q - an uncursed worthless piece of yellow glass r - 2 uncursed worthless pieces of blue glass Spells and supernatural/magical abilities: Name Level Category Fail Memory a - force bolt 1 attack 0% 86% k - knock 1 matter 0% 90% m - magic missile 2 attack 0% 100% s - slow monster 1 enchantment 0% 91% w - wizard lock 2 matter 37% 86% z - sleep 2 enchantment 0% 91% H - haste self 3 escape 71% 91% R - restore ability 4 healing 96% 92% W - pray for help -- divine ? -- Your skills at the end: Miscellaneous Skills wands [Basic] Weapon Skills quarterstaff [Basic] Spellcasting Skills attack spells [Basic] enchantment spells [Basic] Final Attributes: You were devoutly aligned. You were fire resistant. You were magic-protected. Your writing hand was ok. You saw invisible. You had infravision. You were very stealthy. You were protected from shape changers. You were unlucky. Thoth was angry with you. You survived. Vanquished creatures: a giant beetle a leprechaun a dwarf lord 2 Mordor orcs a rock piercer a gnome lord a puppy a kitten 5 dwarves 4 jitterbugs 3 coyotes a gas spore 2 hobbits 2 geckos a brown mold a green mold a red mold 8 gnomes a gnome zombie 5 jackals 7 newts a goblin a sewer rat 8 grid bugs 2 lichens 62 creatures vanquished. Voluntary challenges: You followed a strict vegan diet. You did not adorn yourself with jewelry or accessories. You did not cause conflict. You were not invisible. You did not have reflection. You were not displaced. You used a wielded weapon 23 times, starting on turn 60. You did not apply a unicorn horn. You did not use plumbed fixtures. You did not drink any magical draughts. You read items or engraved 30 times, starting on turn 808. You never genocided any monsters. You never polymorphed an object. You never changed form. You used no wishes. You never split a pudding. You wrote Elbereth's name 1 time, starting on turn 1266. You never violated your personal moral code. Dungeon overview: The Dungeons of Doom: levels 1 to 5 Level 1 an altar to Ptah, a fountain a long staircase Level 2 a bookstore, an altar to Ptah, a fountain Level 3 Level 4 a weapon shop, a fountain stairs to The Gnomish Mines Level 5 The Gnomish Mines: levels 5 to 9 Level 5 stairs to The Dungeons of Doom Level 6 Level 7 Level 8 <- You were here some shops, a temple to Ptah, a magic chest, some fountains Level 9 History has recorded: On T:1 you entered the Dungeons of Doom to retrieve the Amulet of Yendor! On T:59 you reached level 2 of The Dungeons of Doom. On T:469 you advanced to experience level 2. On T:802 you prayed to Thoth. On T:1212 you advanced to experience level 3. On T:1288 you reached level 3 of The Dungeons of Doom. On T:1581 you reached level 4 of The Dungeons of Doom. On T:1613 you prayed to Thoth. On T:1742 you reached level 1 of The Gnomish Mines. On T:1775 you reached level 5 of The Dungeons of Doom. On T:1815 you advanced to experience level 4. On T:1960 you reached level 2 of The Gnomish Mines. On T:1982 you reached level 3 of The Gnomish Mines. On T:2108 you advanced to experience level 5. On T:2370 you reached level 4 of The Gnomish Mines. On T:2493 you reached level 5 of The Gnomish Mines. On T:2514 you prayed to Thoth. On T:2620 you entered the Minetown temple On T:2742 you opened a magic chest. On T:2761 you advanced to experience level 6. Score breakdown: Gold: 74 ( 7 points) Experience: 6 levels ( 500 points) Exploration: 9 levels ( 240 points) Discoveries: 11 items ( 550 points) Variety of kills: 25 monsters ( 1250 points) Major goal: reached Minetown ( 500 points) Survival: quit (score multiplied by 3) Total score: 9141 Latest messages: Sorry, I don't know how to use that. This door is locked. Ouch! You bump into a door. The door crashes open! The door resists! The door resists! The door resists! (2x) The door closes. The door crashes open! The door closes. WHAMMM!!! Danvers yells: "Hey, stop damaging that door!" You see here a gray stone. To quit the game, use the 'save' command (typically on 'S'). Final status: Goodbye Anemone the Wizard, committed trickery... You were tricked in The Gnomish Mines on dungeon level 8 with 9141 points, and 74 pieces of gold, after 2819 moves. You were level 6 with a maximum of 43 hit points when you were tricked.